[Event "European Women-ch 2023"]
[Site "Petrovac"]
[Date "2023.03.18"]
[Round "1.22"]
[White "Aydin, Gulenay"]
[Black "Daulyte-Cornette, Deimante"]
[Result "1/2-1/2"]
[ECO "C47"]
[WhiteElo "2039"]
[BlackElo "2344"]
[Annotator "TA"]
[PlyCount "59"]
[EventDate "2023.03.15"]
[EventType "swiss"]
[EventCountry "MNE"]
[SourceTitle "playchess.com"]
[Source "ChessBase"]
[SourceQuality "1"]
[TimeControl "40/5400+30:1800+30"]

1. e4 e5 2. Nf3 Nc6 3. Nc3 Nf6 4. d4 exd4 5. Nxd4 Bc5 6. Be3 Bb6 7. Qd2 {[%emt 0:04:18] C47: Scotch Four Knights and Four Knights with 4 g3.} O-O 8. O-O-O Re8 9. f3 {[%emt 0:02:28] White is slightly better.} d5 10. exd5 Nxd5 11. Bg5 Nde7 12. Nxc6 Qxd2+ 13. Bxd2 Nxc6 14. Nd5 {[%emt 0:07:50] [#]} Bf5 $146 ({Predecessor:} 14... Be6 15. Nxb6 axb6 16. a3 Ne7 17. Bd3 c6 18. Rhe1 b5 19. Re2 Nd5 20. Rde1 Red8 {1-0 Van Foreest,J (2461)-Ernst,S (2554) Dieren op 2014 (6)}) 15. Bb5 a6 16. Bxc6 bxc6 {[%emt 0:00:05] The position is equal.} 17. Nxb6 cxb6 18. Rhe1 Be6 19. Be3 b5 20. Bc5 a5 21. b3 a4 22. Kb2 h6 23. Rd4 axb3 24. axb3 Bd5 25. Rdd1 Kh7 26. Kc3 Kg6 27. Bf2 h5 28. Rxe8 Rxe8 29. Re1 Rxe1 30. Bxe1 {[%emt 0:00:02] Weighted Error Value: White=0.04 (flawless) /Black=0.04 (flawless)} 1/2-1/2

[Event "European Women-ch 2023"]
[Site "Petrovac"]
[Date "2023.03.18"]
[Round "1.23"]
[White "Heinemann, Josefine"]
[Black "Skvortsova, Alena"]
[Result "1-0"]
[ECO "C43"]
[WhiteElo "2343"]
[BlackElo "2032"]
[Annotator "TA"]
[PlyCount "49"]
[EventDate "2023.03.15"]
[EventType "swiss"]
[EventCountry "MNE"]
[SourceTitle "playchess.com"]
[Source "ChessBase"]
[SourceQuality "1"]
[TimeControl "40/5400+30:1800+30"]

1. e4 {[%emt 0:00:03] Edouard,Romain} e5 2. Nf3 Nf6 3. d4 Nxe4 4. Bd3 d5 5. Nxe5 Nd7 6. Nc3 Nxe5 7. dxe5 Bb4 {[%emt 0:01:24] C43: Petroff Defence: 3 d4.} 8. O-O Nxc3 9. bxc3 Bxc3 {[%emt 0:00:43] The position is equal.} 10. Rb1 Qh4 (10... Bxe5 $2 11. Re1 $18) (10... O-O $5) 11. Ba3 (11. Rb3 {simplifies} Ba5 12. Bb5+ c6 13. Qxd5 Qd8 14. Qxd8+ Bxd8 15. Bc4) 11... Bg4 (11... a5 $14) 12. Bb5+ $18 {[%emt 0:08:10][%mdl 64] Discovered Attack} c6 13. Qxd5 {[%emt 0:05:16][%cal Ob5c6] [#] White wants to mate with Bxc6+!} cxb5 $146 (13... Bd7 $16 {is a better defense.} 14. Qb3 cxb5 15. Qxc3 Rc8) ({Predecessor:} 13... Bd7 14. Qb3 Bxe5 15. g3 Qf6 16. Rfe1 Kd8 17. Bf1 b6 18. Rbd1 Kc7 19. Rxe5 Qxe5 20. Qxf7 {1-0 Paravyan,D (2629)-Beinoras,M (2355) Gibraltar Masters 18th 2020 (1)}) 14. Qxb7 Rc8 {[%emt 0:02:29] [#]} 15. e6 $1 Bxe6 16. Qxb5+ Bd7 17. Qe2+ $40 {[%emt 0:01:08][%mdl 128] White is up to no good.} (17. Rbe1+ $18 Kd8 18. Rd1) 17... Kd8 $11 {[%emt 0:01:51] Hoping for ...Re8.} 18. Rfd1 Re8 19. Qa6 {[%emt 0:08:26][%cal Od1d7] White threatens Rxd7+! and mate. The board is on fire.} Qg4 (19... Bd4 $2 20. Qa5+ (20. Qd6 Qxf2+ 21. Kh1 Re6 $17) 20... Rc7 21. Rb8+ Bc8 22. Bd6 (22. g3 $2 Qf6 $19) 22... Qxf2+ 23. Kh1 Qxc2 24. Bxc7+ (24. Rxd4 $2 Qc1+) 24... Ke7 25. Re1+ (25. Rxd4 $2 Qc1+) 25... Be6 26. Bd8+ Kf8 27. Qb4+ Bc5 28. Qb5 $18) (19... Qh6 $1 $11 20. Qxa7 (20. Rxd7+ Kxd7 21. Rb7+ Rc7 $11) 20... Qc6) 20. h3 $18 Qg6 {[%emt 0:04:28] [#]} (20... Qe6 $2 21. Rb7 (21. Qxa7 Qc6 $18) 21... Be5 22. Qxe6 (22. Rxa7 Bc7 $11) 22... Rxe6 23. Rdxd7+ Ke8 24. Rxf7) (20... Qf5 $18 21. g4 Qe6) 21. Rxd7+ $1 {[%emt 0:09:56][%mdl 576] Clearance. White mates.} Kxd7 22. Rd1+ Kc7 23. Bd6+ Kd8 24. Bc5+ {[%emt 0:00:15][%mdl 64] Discovered Attack} (24. Qxa7 $2 {perishes.} Re1+ 25. Rxe1 Qxd6 $19) 24... Kc7 25. Qxa7+ {[%emt 0:00:08] A superb game by Heinemann.   Weighted Error Value: White=0.31/Black=1.13} 1-0

[Event "European Women-ch 2023"]
[Site "Petrovac"]
[Date "2023.03.18"]
[Round "1.24"]
[White "Pirvulescu, Ekaterina"]
[Black "Mkrtchyan, Mariam"]
[Result "0-1"]
[ECO "C78"]
[WhiteElo "2032"]
[BlackElo "2343"]
[Annotator "TA"]
[PlyCount "88"]
[EventDate "2023.03.15"]
[EventType "swiss"]
[EventCountry "MNE"]
[SourceTitle "playchess.com"]
[Source "ChessBase"]
[SourceQuality "1"]
[TimeControl "40/5400+30:1800+30"]

1. e4 e5 2. Nf3 Nc6 3. Bb5 a6 4. Ba4 Nf6 5. O-O b5 6. Bb3 Bc5 7. c3 d6 8. d4 Bb6 9. a4 Bb7 10. Re1 O-O 11. Bg5 h6 12. Bh4 exd4 {[%emt 0:01:48] C78: Ruy Lopez: Archangelsk and Möller Defences.} 13. cxd4 g5 14. Bg3 {[%emt 0:01:47] 14.Nxg5 is more fashionable.} Re8 {[%emt 0:00:08] [#] The position is equal.} 15. Qd3 $146 (15. d5 $11 Na5 16. Bc2) ({Predecessor:} 15. d5 Ne7 16. axb5 axb5 17. Rxa8 Bxa8 18. Nc3 Ng6 19. Bc2 Nh5 20. Nxb5 Nxg3 21. hxg3 {½-½ Sevian,S (2660)-Matlakov,M (2685) Speed Chess Super Swiss blitz 2020 (13)}) 15... Na5 ({Black should try} 15... Nb4 $1 $15 16. Qc3 a5) 16. e5 (16. Ba2 $1 $11 {remains equal.}) 16... Nxb3 $17 17. Qxb3 Bxf3 (17... g4 $17 18. exf6 gxf3) 18. Qxf3 $15 Bxd4 19. axb5 Bxb2 (19... dxe5 $5 20. Rxa6 Rxa6 21. bxa6 Re6 $17) 20. Rxa6 Rxa6 21. bxa6 {[%emt 0:00:04] a7 is the strong threat.} dxe5 (21... Bxe5 22. a7 Qa8 23. Bxe5 (23. Rxe5 dxe5 24. Qxf6 Re6 $11) 23... Qxf3 24. gxf3 $16) 22. Rd1 Bd4 23. Nc3 Kg7 24. Nb5 {[%emt 0:02:22] Strongly threatening a7.} Qd7 $2 {[%emt 0:15:16][%mdl 8192] [#]} (24... c6 $1 $11 25. Nxd4 (25. Qxc6 $2 {loses.} Bxf2+ {[%mdl 64] Discovered Attack} 26. Kxf2 Qxd1 $19) 25... exd4) 25. a7 $2 Qxb5 $17 26. a8=Q Rxa8 27. Qxa8 Qe2 28. Qf3 Qxf3 29. gxf3 {[%emt 0:00:01][%cal Of3f4][%mdl 4096] Endgame KRB-KBN} c5 30. Rc1 {[%emt 0:00:33] [#]} (30. h4 $17) 30... Nd7 $1 $19 31. h4 Kf6 {[%emt 0:00:49] aiming for ...Ke6.} 32. Kg2 $2 {[%emt 0:01:20] [#]} (32. Kf1 $17 {is a better defense.}) 32... Ke6 $1 33. hxg5 (33. Kf1 $142 Kd5 34. Rb1) 33... hxg5 34. Bh2 Nb6 35. f4 gxf4 (35... exf4 $2 {is the wrong capture.} 36. Bg1 $19) 36. f3 c4 37. Bg1 Kd5 38. Bxd4 exd4 {[%emt 0:00:18][%cal Be5d4,Bd4d3,Bd3d2][%mdl 32] KR-KN. Black mates.} 39. Kf2 c3 40. Ke2 Kc4 41. Rh1 d3+ 42. Kd1 Nd5 43. Kc1 d2+ 44. Kd1 Kd3 {[%emt 0:00:39] Artfully played by Mkrtchyan.   Weighted Error Value: White=0.73/Black=0.24 (precise)} 0-1

[Event "European Women-ch 2023"]
[Site "Petrovac"]
[Date "2023.03.18"]
[Round "1.25"]
[White "Velikic, Adela"]
[Black "Tsotsonava, Elene"]
[Result "1-0"]
[ECO "E32"]
[WhiteElo "2329"]
[BlackElo "2030"]
[Annotator "TA"]
[PlyCount "71"]
[EventDate "2023.03.15"]
[EventType "swiss"]
[EventCountry "MNE"]
[SourceTitle "playchess.com"]
[Source "ChessBase"]
[SourceQuality "1"]
[TimeControl "40/5400+30:1800+30"]

1. d4 Nf6 2. c4 e6 3. Nc3 Bb4 4. Qc2 O-O 5. e4 d5 6. e5 Ne4 7. Bd3 c5 8. Nf3 {[%emt 0:00:18] E32: Nimzo-Indian: Classical (4 Qc2): 4...0-0.} cxd4 9. Nxd4 Nd7 10. Bf4 {[%emt 0:00:34] The position is equal.} Ndc5 (10... Qh4 {is more complex.} 11. g3 Qh5 12. O-O g5) 11. O-O Bxc3 12. bxc3 b6 {[%emt 0:27:17] [#]} (12... Bd7 $11) 13. Be2 $1 $16 {[%emt 0:06:41] [#] f3 is the strong threat.} f5 $146 ({Black should play} 13... f6) ({Predecessor:} 13... h6 14. f3 Ng5 15. Rad1 Bb7 16. Nb5 Qe7 17. Nd6 Bc6 18. Rd4 Rfd8 19. Qd2 Rd7 20. cxd5 Bxd5 {0-1 Holt,C (2553)-Hakobyan,A (2602) Titled Tuesday intern op 01st Feb-B blitz 2022 (10)}) 14. f3 {[%emt 0:34:09] aiming for cxd5.} Ng5 15. Nc6 Qc7 16. Nb4 Nf7 17. cxd5 g5 18. d6 Qd7 19. Be3 $36 {[%emt 0:06:36][%mdl 2048] And now Bd4 would win. Keeping Black busy. White is more active.} f4 $2 (19... Nxe5 $16 20. Qd2 (20. Bxg5 a5 $14) 20... h6) 20. Bd4 $18 a5 21. Nd3 Ba6 22. Nf2 (22. Nxc5 bxc5 23. Bf2 (23. Bxc5 Nxe5 24. Bxa6 Rxa6 $18) 23... Bb7 24. Bxc5 Nxe5 $18) 22... Bb7 $2 (22... Qa4 23. Qxa4 Nxa4) 23. Rab1 Qa4 24. Qxa4 Nxa4 25. Bb5 ({Not} 25. Bxb6 Nxc3 26. Bc4 Nxb1 27. Rxb1 Bd5 28. Bxd5 exd5 $16) 25... Nc5 26. Nd3 Ba6 27. Bxc5 {[%emt 0:02:29][%mdl 64] [#] Remove Defender. White is clearly winning.} bxc5 28. Bxa6 Rxa6 29. c4 Rc6 30. Rb5 Ra8 31. Re1 ({Weaker is} 31. Rxc5 Rxc5 32. Nxc5 Nxe5 33. Nxe6 Re8 $18) (31. Nxc5 Nxe5 32. d7 Nf7 $18) 31... a4 32. Rxc5 ({Much less strong is} 32. Nxc5 Nd8 33. Re4 Kf7 $18) 32... Rac8 (32... Rxc5 $142 33. Nxc5 Nd8) 33. Rxc6 Rxc6 34. c5 Kg7 35. Re4 Ra6 36. Rc4 {[%emt 0:00:27] White took control after the opening.   Weighted Error Value: White=0.09 (flawless) /Black=0.39} 1-0

[Event "European Women-ch 2023"]
[Site "Petrovac"]
[Date "2023.03.18"]
[Round "1.26"]
[White "Maione, Melissa"]
[Black "Zhukova, Natalia"]
[Result "0-1"]
[ECO "C78"]
[WhiteElo "2028"]
[BlackElo "2322"]
[Annotator "TA"]
[PlyCount "124"]
[EventDate "2023.03.15"]
[EventType "swiss"]
[EventCountry "MNE"]
[SourceTitle "playchess.com"]
[Source "ChessBase"]
[SourceQuality "1"]
[TimeControl "40/5400+30:1800+30"]

1. e4 e5 2. Nf3 Nc6 3. Bb5 a6 4. Ba4 Nf6 5. O-O b5 6. Bb3 Bc5 7. a4 Rb8 8. c3 d6 9. d4 Bb6 10. axb5 axb5 11. Qd3 {[%emt 0:05:11] C78: Ruy Lopez: Archangelsk and Möller Defences.} O-O 12. Bg5 h6 13. Bh4 {[%emt 0:07:01] White is slightly better. outshines the older 13.Bxf6.} (13. Qxb5 hxg5 14. Qxc6 Bb7 $17) 13... g5 $1 {[%emt 0:43:31] has lost popularity (13...exd4).} 14. Bg3 (14. Qxb5 $2 Bd7 15. Qd3 gxh4 $19) 14... Qe7 {[%emt 0:12:52] [#]} ({Better is} 14... Nh5 $11) 15. Na3 $146 (15. Qxb5 {feels hotter.} Bd7 16. Qd3 exd4 17. e5) ({Predecessor:} 15. Nbd2 Bd7 16. Rfe1 Nh5 17. Nf1 Nf4 18. Qd2 b4 19. Bd5 bxc3 20. bxc3 Ra8 21. Rxa8 Rxa8 {1-0 Sokolov,A (2585)-Swinkels,R (2428) Cappelle op 23rd 2007 (2)}) 15... Bg4 (15... exd4 $11 16. e5 Nxe5 17. Bxe5 {[%mdl 64] Remove Defender} (17. Qxb5 $2 Nxf3+ 18. gxf3 dxc3 $19) 17... dxe5 18. Qg6+ (18. Nxb5 $2 e4 $19) 18... Kh8 19. Qxh6+ Nh7) 16. d5 (16. Qxb5 $14 Bd7 17. Qd3) 16... Na5 17. Bd1 Bd7 18. h4 $2 (18. Nd2 $14 {stays ahead.}) 18... Nh5 19. Nd2 Nf4 20. Bxf4 gxf4 21. b4 Nc4 (21... Nb7 $17 {Threatens to win with ...Kh8.} 22. Qe2 Qxh4) 22. Naxc4 $11 bxc4 23. Qf3 Qxh4 24. Nxc4 (24. Qh5 $1 $11 {keeps the balance.} Qg5 25. Nxc4 (25. Qxg5+ hxg5 26. Ba4 Bxa4 $15)) 24... Kh8 (24... Bb5 $17 25. Be2 Bxc4 26. Bxc4 Kh8) 25. Nxb6 Rxb6 26. Qh5 (26. Ra7 {is interesting.} Rc8 27. Qh5 Qxh5 28. Bxh5 f5 29. exf5 Bxf5 30. Rfa1) 26... Qxh5 27. Bxh5 {[%emt 0:00:08] Black should prevent Ra7.} Rb7 {[%emt 0:00:22] Inhibits Ra7.} 28. Ra5 Kg7 29. Rfa1 Bb5 (29... f5 $5 ) 30. Ra7 Rfb8 31. Bd1 Kf6 32. Bg4 Ke7 33. R7a5 Rg8 34. f3 Bd7 35. Bxd7 Kxd7 $14 {[%emt 0:00:02][%mdl 4096] Endgame KRR-KRR} 36. Kf2 Rbb8 37. b5 Rg6 38. c4 Rbg8 39. Rg1 Kc8 40. Ra8+ Kb7 41. Ra2 ({White should try} 41. Rxg8 $11 Rxg8 42. Rh1) 41... h5 42. Kf1 Kb6 (42... Rg5 $15 {deserves consideration.}) 43. Ra6+ $11 Kc5 44. Rc6+ Kd4 45. Rxc7 $2 (45. Kf2 $1 $11 {and White is okay.}) 45... Ra8 (45... h4 $1 $19 46. Ra7 (46. Rxf7 $2 {too greedy.} Ra8 $19) (46. Kf2 $2 h3 $19) 46... h3) 46. Rc6 $2 (46. Rxf7 $2 {perishes.} Ra1+ 47. Kf2 Ra2+ 48. Ke1 Ke3 $19) (46. b6 $17 {nothing else works.}) 46... Ra1+ $19 47. Kf2 Ra2+ 48. Kf1 Rb2 49. Ra6 Rb1+ ({And not} 49... Kxc4 50. Ra4+ Kc5 51. Ra1 $19) 50. Kf2 Rb2+ 51. Kf1 $1 Kxc4 $2 (51... h4 $19 {is more deadly.} 52. Ra1 Rg3) 52. b6 $17 h4 {[%emt 0:02:00][%cal Oh4h3] ...h3! is the strong threat. Black is much more active.} 53. Ra7 $2 (53. b7 $17) 53... Rxb6 $2 (53... h3 {( -> ...h2)} 54. Ra4+ Kc5) 54. Ra4+ $19 Kc3 {[%emt 0:01:25] Strongly threatening ...Rb1+.} 55. Ra3+ Kc4 $2 (55... Kb2 $1 $19 56. Rd3 h3) 56. Ra4+ $15 Kc3 $2 (56... Rb4 $15 57. Rxb4+ Kxb4) 57. Ra3+ $19 {[%emt 0:00:06] [#]} Kb2 $1 58. Ra7 {[%emt 0:00:12] [#]} Rb3 $1 59. Rxf7 $2 (59. Rh1 Kc3 60. Ra1) 59... h3 60. Rh7 (60. gxh3 $19 Rxf3+ 61. Ke2 Re3+ 62. Kf2 Rxg1 63. Kxg1 Rxh3 64. Rc7) 60... Rg3 $2 (60... Kc3 {mates} 61. Rxh3 Rb1+ 62. Kf2 Rb2+ {[%mdl 64] Skewer} 63. Ke1 Kd3 64. Rh7 Ke3 65. Kd1 Rb1+ {[%mdl 64] Skewer} 66. Kc2 Rxg1 67. g4 fxg3 68. Rb7 g2 69. Rb3+ Kf4 70. Rb8 Rc1+ {[%mdl 64] Decoy, Clearance, Promotion} 71. Kxc1 g1=Q+ 72. Kb2 Rg2+ 73. Ka3 Qa1+ 74. Kb4 Rb2+ {[%mdl 64] Skewer} 75. Kc4 Qc1+ 76. Kd3 Rd2#) 61. Rh6 $2 (61. Rxh3 $19 Rxh3 62. gxh3 Rxf3+ 63. Kg2) 61... Rc3 62. Rxd6 h2 {[%emt 0:00:33] Weighted Error Value: White=0.63/Black=0.67} 0-1

[Event "European Women-ch 2023"]
[Site "Petrovac"]
[Date "2023.03.18"]
[Round "1.27"]
[White "Klek, Hanna Marie"]
[Black "Donghvani, Nia"]
[Result "1-0"]
[ECO "B33"]
[WhiteElo "2314"]
[BlackElo "2025"]
[Annotator "TA"]
[PlyCount "85"]
[EventDate "2023.03.15"]
[EventType "swiss"]
[EventCountry "MNE"]
[SourceTitle "playchess.com"]
[Source "ChessBase"]
[SourceQuality "1"]
[TimeControl "40/5400+30:1800+30"]

1. e4 c5 2. Nf3 Nc6 3. d4 cxd4 4. Nxd4 Nf6 5. Nc3 e5 6. Ndb5 d6 7. Bg5 a6 8. Na3 b5 9. Nd5 Be7 10. Bxf6 Bxf6 11. c3 Rb8 12. Nc2 Bg5 13. a4 bxa4 {[%emt 0:01:18] B33: Sicilian: Pelikan and Sveshnikov Variations.} 14. Ncb4 Nxb4 15. cxb4 $1 {[%emt 0:00:14][%mdl 4] is more profitable than 15.Nxb4 at the moment.} (15. Nxb4 $5 Bd7 16. Bxa6 $11 (16. Qxd6 Be7 $15)) 15... O-O {[%emt 0:00:52] The position is equal.} 16. Rxa4 a5 17. h4 (17. Rxa5 $2 Rxb4 18. Ra4 Rxb2 $19) (17. bxa5 Rxb2 18. Qa1 Rc2 $17) 17... Bh6 18. b5 (18. Rxa5 $2 Rxb4 19. Ra8 Rxe4+ 20. Be2 Rd4 $19) ({Much worse is} 18. bxa5 Rxb2 19. Bc4 Bd2+ 20. Kf1 Bd7 $17) 18... Bd7 19. Nc3 d5 {[%emt 0:00:39][%mdl 64] Deflection} 20. exd5 f5 21. Be2 Kh8 22. g3 {[%emt 0:02:14][%cal Bg2g3,Bg3g4][%mdl 32] [#]} Be8 $146 ({Predecessor:} 22... f4 23. g4 f3 24. Bxf3 Bc1 25. Qxc1 Rxf3 26. Re4 Qb6 27. Qd2 Rbf8 28. Rh2 Bxb5 {½-½ Miron,L (2498)-Nisipeanu,L (2633) ROM-chT Oradea 2022 (7.26)}) 23. Kf1 Rb6 {[%emt 0:14:34] White stays focused until the end.} (23... Rb7 $1 $14) 24. Rxa5 $16 f4 {[%emt 0:02:40] [#]} 25. g4 e4 (25... f3 $16 {was called for.} 26. Bd3 (26. Bxf3 $2 {too greedy.} Rbf6 $19 {[%mdl 64] Discovered Attack}) 26... g6) 26. Nxe4 $18 {[%emt 0:08:02] Strongly threatening g5.} f3 27. Bxf3 {[%emt 0:01:23] g5 would be deadly.} Bxb5+ 28. Kg2 Bf4 29. Qd4 {[%emt 0:03:49] Ra7 is the strong threat.} Qb8 {[%emt 0:10:06] [#] Wards off Ra7} (29... Bb8 $142 30. b4 Bd7) 30. Ra8 $3 Qxa8 31. Qxb6 Bd3 (31... Qxd5 32. Rd1 (32. Nc3 Qxf3+ 33. Kxf3 Bc7+ 34. Ke4 Bxb6 $16) 32... Qc4) 32. Nc5 Bc4 33. Qc6 Qxc6 34. dxc6 Bd6 35. Ne4 Be5 36. Nd2 Bb5 37. Rb1 Bd3 38. Rd1 Bxb2 39. Nb3 Bc4 40. Nc5 {[%emt 0:00:00] Hoping for c7.} h5 41. c7 {[%emt 0:03:41] White wants to mate with Rd8.} hxg4 42. Rd8 gxf3+ 43. Kg1 {[%emt 0:00:13] Weighted Error Value: White=0.22 (precise) /Black=0.41} 1-0

[Event "European Women-ch 2023"]
[Site "Petrovac"]
[Date "2023.03.18"]
[Round "1.28"]
[White "Ismayil, Malak"]
[Black "Garcia Martin, Marta"]
[Result "0-1"]
[ECO "B52"]
[WhiteElo "2011"]
[BlackElo "2306"]
[Annotator "TA"]
[PlyCount "98"]
[EventDate "2023.03.15"]
[EventType "swiss"]
[EventCountry "MNE"]
[SourceTitle "playchess.com"]
[Source "ChessBase"]
[SourceQuality "1"]
[TimeControl "40/5400+30:1800+30"]

1. e4 c5 2. Nf3 d6 3. Bb5+ Bd7 4. Bxd7+ Nxd7 5. O-O Ngf6 6. Re1 e6 7. d4 cxd4 8. Nxd4 Be7 {[%emt 0:02:00] B52: Sicilian: Moscow Variation with 3...Bd7.} 9. c4 O-O 10. b3 a6 {[%emt 0:00:20] The position is equal.} 11. Nc3 Rc8 12. a4 {[%emt 0:00:53] [#]} Qa5 $146 ({Predecessor:} 12... Ne5 13. Ba3 Qc7 14. Qc2 Rfd8 15. Rad1 h6 16. h3 Ng6 17. Re3 d5 18. Bxe7 Nxe7 19. cxd5 exd5 20. e5 Ne4 21. Nxe4 dxe4 22. Qxe4 Nd5 23. Rg3 Nc3 {½-½ Velker,W (2270)-Sanchez Carol,J (2229) ESP MT-Flores/D email 2018}) 13. Qd2 Qb6 14. a5 Qc7 15. Ba3 Nc5 16. h3 (16. b4 $5 ) 16... Rfd8 17. Qe3 Bf8 18. Bxc5 (18. Rec1 $11) 18... dxc5 $17 {[%emt 0:14:47] White is on the road to losing.} 19. Nf3 Nd7 20. e5 Nb8 21. Ne4 Nc6 22. Qc3 h6 23. Re3 Rd7 24. Ng3 Rcd8 25. Kh2 Nb4 26. Ne2 (26. Kg1 $17) 26... Rd1 ({Black should try} 26... g5 $19 27. Ng3 Rd3 28. Rxd3 Rxd3) 27. Nc1 (27. Rxd1 $17 Rxd1 28. Nf4) 27... g6 $19 28. Re1 Bg7 29. Ne2 $2 (29. Rb1) 29... R1d3 30. Qc1 {[%emt 0:00:01] [#]} Rxf3 $1 {[%emt 0:00:41][%mdl 576] Remove Defender} 31. gxf3 Bxe5+ 32. Kg2 Bxa1 33. Qxa1 Nc2 34. Qc3 Nxe1+ 35. Qxe1 {[%emt 0:00:02][%mdl 4096] Endgame KQR-KQN} Qe5 36. Qf1 h5 37. Ng3 Qg5 {[%emt 0:02:33] [#] Threatens to win with ...h4.} 38. Kh2 Qf4 {[%emt 0:01:06][%cal Oh5h4] aiming for ...h4!} 39. Kg2 f5 40. Qe2 Kf7 41. Nf1 Qd4 42. Qa2 g5 {[%emt 0:01:16] And now ...Qd1 would win.} 43. Qe2 g4 44. hxg4 hxg4 45. Ng3 Qd3 46. Qe5 Qxf3+ {[%emt 0:00:24] Black mates.} 47. Kg1 Rd1+ 48. Nf1 Qd3 49. Qc7+ Kg6 {[%emt 0:00:17] Weighted Error Value: White=0.65/Black=0.30} 0-1